 Dungeon Crawl Stone Soup version 0.25-a0-589-g1e14c549ee (webtiles) character file.

Game seed: 14913987834883492806, levelgen mode: classic

12 EnegeticOcto the Skirmisher (level 2, -6/24 HPs)
             Began as a Mummy Chaos Knight on Mar 13, 2020.
             Was a Plaything of Xom.
             Mangled by a worm (9 damage)
             ... on level 2 of the Dungeon.
             The game lasted 00:00:40 (1127 turns).

EnegeticOcto the Skirmisher (Mummy Chaos Knight)    Turns: 1127, Time: 00:00:40

Health: -6/24      AC:  5    Str: 15    XL:     2   Next: 20%
Magic:  2/2        EV: 11    Int: 11    God:    Xom [..*...]
Gold:   38         SH:  0    Dex: 11    Spells: 1/1 levels left

rFire    x . .     SeeInvis .   a - +0 mace (chaos)
rCold    + . .     Gourm    .   (no shield)
rNeg     + + +     Faith    .   b - +2 leather armour
rPois    ∞         Spirit   .   (no helmet)
rElec    .         Reflect  .   (no cloak)
rCorr    .         Harm     .   (no gloves)
MR       .....                  (no boots)
Stlth    +.........             (no amulet)
HPRegen  0.08/turn              (no ring)
MPRegen  0.08/turn              (no ring)

@: no status effects
A: no food or potions, fire vulnerability, cold resistance 1, negative energy
resistance 3, torment resistance, unbreathing
a: Renounce Religion


You were on level 2 of the Dungeon.
You worshipped Xom.
You were a toy of Xom.
You were not hungry.

You visited 1 branch of the dungeon, and saw 2 of its levels.

You collected 38 gold pieces.

Inventory:

Hand Weapons
 a - a +0 mace of chaos (weapon)
 f - a +0 hunting sling
Missiles
 c - 14 poisoned darts (quivered)
 g - 13 sling bullets
Armour
 b - a +2 leather armour (worn)
Jewellery
 d - a cursed -2 ring of strength {unknown}
Scrolls
 e - a scroll of random uselessness {unknown}


   Skills:
 + Level 3.2 Fighting
 * Level 2.8 Maces & Flails
 - Level 1.5 Armour
 - Level 0.7 Dodging


You had one spell level left.
You didn't know any spells.
Your spell library was empty.

Dungeon Overview and Level Annotations

Branches:
Dungeon (2/15)

Altars:


Innate Abilities, Weirdness & Mutations

You do not eat or drink.
Your flesh is vulnerable to fire.
You are immune to poison.
Your flesh is cold resistant. (rC+)
You are immune to negative energy. (rN+++)
You are immune to unholy pain and torment.
You can survive without breathing.


Message History

You sock the goblin! You freeze the goblin.
You kill the goblin!
You have reached level 2!
Things that are here:
a +0 club; a goblin corpse
There is a stone staircase leading down here.
Things that are here:
a +0 club; a goblin corpse
e - a scroll labeled SOQUXUHIQI
Found 2 inky potions.
Key pressed, stopping explore.
Key pressed, stopping explore.
Xom's attention almost turns to you for a moment.
Nothing appears to happen...
Ominous!
Done exploring.
Done exploring.
Done exploring.
Done exploring.
Done exploring.
Search for what [? for help]? .
There is an open door here.
You see here a hunting sling.
f - a hunting sling Search for what [Enter for "."]?
There is an open door here.
You see here 13 sling bullets.
g - 13 sling bullets
(D) Dungeon
Where to? (Enter - D:1 @ (x,y), ? - help)
There is a stone staircase leading down here.
You climb downwards.
A kobold comes into view. It is wielding a +0 short sword.
Found 10 gold pieces and a ration.
There is a stone staircase leading up here.
The kobold closely misses you.
You hit the kobold.
The kobold seems to speed up.
The kobold is heavily wounded.
The kobold closely misses you.
You barely miss the kobold.
The kobold is heavily wounded.
The kobold hits you with a +0 short sword. x2
You hit the kobold.
You kill the kobold!
No target in view!
No target in view!
Xom's power almost touches on you for a moment.
Nothing appears to happen.
HP restored.
Things that are here:
a +0 short sword; 3 stones; a kobold corpse
There is a stone staircase leading up here.
A dart slug comes into view.
A dart slug is nearby!
A worm comes into view.
The dart slug closely misses you.
You see here 10 gold pieces.
You sock the dart slug! You burn the dart slug.
You kill the dart slug!
You barely miss the worm. The worm bites you.
You hit the worm.
The worm seems to grow stronger.
The worm is moderately wounded.
The worm closely misses you.
You barely miss the worm.
The worm is moderately wounded.
You hit the worm.
The worm appears confused.
The worm is heavily wounded.
The worm closely misses you.
You hit the worm but do no damage.
The worm is moderately wounded.
You hit the worm.
The worm is heavily wounded.
The worm bites you.
You hit the worm. You freeze the worm.
The worm is heavily wounded.
You hit the worm.
The worm goes berserk!
The worm is severely wounded.
The worm seems less confused.
The worm bites you.
You are too injured to fight recklessly!
You are too injured to fight recklessly!
You are too injured to fight recklessly!
You are too injured to fight recklessly!
You are too injured to fight recklessly!
You are too injured to fight recklessly!
You are too injured to fight recklessly!
You are too injured to fight recklessly!
You are too injured to fight recklessly!
You are too injured to fight recklessly!
You are too injured to fight recklessly!
You are too injured to fight recklessly!
You are too injured to fight recklessly!
A worm is nearby!
You hit the worm.
The worm seems to speed up.
The worm is almost dead.
The worm bites you!
* * * LOW HITPOINT WARNING * * *
The worm misses you.
You barely miss the worm.
The worm is almost dead.
The worm bites you!
You die...

.. # #. #..#. ..
#..#.###.# ......#
......... ......#
#........ ......#
......#.### ###......#
..........###.........#
......w@......# ....%..
###.....#...####......#
#.......##..<.).......
#.....#..##############
..######.# . ... ...
####.


You could see a worm (berserk).

Vanquished Creatures
  A dart slug (D:2)
  A ball python (D:1)
  A goblin (D:1)
  2 hobgoblins (D:1)
  2 kobolds
  2 bats (D:1)
9 creatures vanquished.

Notes
Turn   | Place    | Note
-------+----------+-------------------------------------------
     0 | D:1      | EnegeticOcto the Mummy Chaos Knight began the quest for the
                  | Orb.
     0 | D:1      | Reached XP level 1. HP: 18/18 MP: 1/1
    19 | D:1      | XOM: silly message
   200 | D:1      | XOM: harmless Air miscast
   375 | D:1      | XOM: silly message
   384 | D:1      | XOM: harmless Summ miscast
   460 | D:1      | XOM: divination: magic mapping
   561 | D:1      | Reached XP level 2. HP: 20/24 MP: 2/2
   740 | D:1      | XOM: silly message
  1041 | D:2      | XOM: harmless Ice miscast
  1127 | D:2      | Mangled by a worm

Levels and vault maps discovered:
D:1:      minmay_arrival_five_plusses, layout_basic, hangedman_decor_points,
          roderic_filled_cross, corner_web_ring, chequers_serial_rivers_micro_e
D:2:      layout_rooms, uniq_terence

Action                   || total
-------------------------++-------
Melee: Mace              ||    46
Armor: Leather armour    ||    14
Dodge: Dodged            ||    30

Table legend:
 A = Non-vault XP
 B = Vault XP
 C = Vault XP percentage of total XP
 D = Non-vault monster count
 E = Vault monster count
 F = Vault count percentage of total count
                 A         B        C        D         E       F
            +---------+---------+-------+---------+---------+-------
      Total |      18 |       0 |   0.0 |       9 |       0 |   0.0
            +---------+---------+-------+---------+---------+-------
        D:1 |      12 |       0 |   0.0 |       7 |       0 |   0.0
        D:2 |       6 |       0 |   0.0 |       2 |       0 |   0.0
            +---------+---------+-------+---------+---------+-------
